 Dungeon Crawl Stone Soup version 0.20.0-10-g0535bb4 (webtiles) character file.

54 Hikthur the Skirmisher (level 3, 0/24 HPs)
             Began as a Gargoyle Fighter on June 6, 2017.
             Slain by Crazy Yiuf
             ... wielding a +3 quarterstaff of chaos
              (5 damage)
             ... on level 2 of the Dungeon.
             The game lasted 00:02:56 (1413 turns).

Hikthur the Skirmisher (Gargoyle Fighter)           Turns: 1413, Time: 00:02:57

Health: 0/24       AC: 10    Str: 25    XL:     3   Next: 91%
Magic:  3/3        EV:  7    Int:  8    God:
Gold:   85         SH:  9    Dex:  9    Spells: 2/2 levels left

rFire    . . .     SeeInvis +   a - +0 flail
rCold    . . .     Gourm    .   c - +0 shield
rNeg     + . .     Faith    .   b - +0 scale mail
rPois    ∞         Spirit   .   (helmet restricted)
rElec    +         Reflect  .   (no cloak)
rCorr    .         Harm     .   (no gloves)
MR       .....                  (no boots)
Stlth    ..........             (no amulet)
Regen    0.1/turn               (no ring)
MPRegen  0.1/turn               (no ring)

@: mighty, flying
A: beak, horns 1, see invisible, deterioration 1, negative energy resistance 1,
electricity resistance, unbreathing, petrification resistance, rot immunity, AC
+3
a: no special abilities


You were on level 2 of the Dungeon.
You were hungry.

You visited 1 branch of the dungeon, and saw 2 of its levels.

You collected 85 gold pieces.

Inventory:

Hand Weapons
 a - a +0 flail (weapon)
Missiles
 h - 3 poisoned tomahawks (quivered)
Armour
 b - a +0 scale mail (worn)
 c - a +0 shield (worn)
Wands
 l - a wand of scattershot (6/9)
Scrolls
 e - 2 scrolls of blinking
 g - a scroll of fear {unknown}
 j - a scroll of remove curse {unknown}
 k - 3 scrolls of teleportation
 o - a scroll of fog {unknown}
Books
 q - a book of Minor Magic

   Spells                             Type                      Level
   a - Magic Dart                     Conjuration                  1
   b - Blink                          Translocation                2
   c - Call Imp                       Summoning                    2
   d - Slow                           Hexes                        2
   e - Conjure Flame                  Conjuration/Fire             3
   f - Mephitic Cloud                 Conjuration/Poison/Air       3
Comestibles
 f - 7 bread rations
 p - 2 royal jellies


   Skills:
 - Level 4.0 Fighting
 + Level 2.4 Maces & Flails
 + Level 3.8 Armour
 + Level 3.8 Shields


You had 2 spell levels left.
You didn't know any spells.

Dungeon Overview and Level Annotations

Branches:
Dungeon (2/15)

Altars:

Annotations:
D:2 Crazy Yiuf


Innate Abilities, Weirdness & Mutations

You are resistant to torment.
Your stone body is resilient. (AC +3)
You are immune to poison.
You resist negative energy. (rN+)
You are resistant to electric shocks. (rElec)
You can survive without breathing.
You are immune to petrification.
You are immune to rotting.
You have a beak for a mouth.
You have a pair of small horns on your head.
You have supernaturally acute eyesight. (SInv)
Your body sometimes deteriorates upon taking damage.


Message History

Crazy Yiuf is severely wounded.
Crazy Yiuf closely misses you.
You closely miss Crazy Yiuf.
Crazy Yiuf is severely wounded.
Crazy Yiuf hits you with a quarterstaff of chaos.
* * * LOW HITPOINT WARNING * * *
Crazy Yiuf burns you.
* * * LOW HITPOINT WARNING * * *
You feel very mighty all of a sudden. Crazy Yiuf completely misses you.
It was a potion of mutation.
You feel extremely strange.
You feel yourself wasting away.
Your mouth lengthens and hardens into a beak!
A pair of horns grows on your head!
Your vision sharpens.
You block Crazy Yiuf's attack.
It was a potion of flight.
You feel very buoyant.
You fly up into the air.
Crazy Yiuf hits you with a quarterstaff of chaos.
You die...

#....# #.#.#......
##..## #...###.###
#....# #.#.# #.# #
##...# #.#.# #.# #
##.## #.#.# #.# #
##.# #.#.###.###
#.## #.#.)....##
##.# #.#########
#@## ##.########.
#g# #........##.
... #...####.##.
#...# #...####.##.
#)..# #...##...##.
##### #...####.#..
#...# #.#..
#######...####.#..
#.................


You could see Crazy Yiuf.

Vanquished Creatures
  An adder (D:2)
  3 oozes
  A dart slug (D:2)
  A leopard gecko (D:1)
  A giant cockroach (D:1)
  2 goblins (D:1)
  4 hobgoblins
  2 jackals (D:1)
  2 bats (D:2)
  5 frilled lizards
  4 kobolds
  5 rats
31 creatures vanquished.

Notes
Turn   | Place    | Note
-------+----------+-------------------------------------------
     0 | D:1      | Hikthur the Gargoyle Fighter began the quest for the Orb.
     0 | D:1      | Reached XP level 1. HP: 14/14 MP: 1/1
    40 | D:1      | Reached XP level 2. HP: 19/19 MP: 2/2
   403 | D:1      | Reached XP level 3. HP: 24/24 MP: 3/3
   729 | D:2      | Found a runed door.
   797 | D:2      | Reached skill level 4 in Fighting
  1399 | D:2      | Noticed Crazy Yiuf
  1412 | D:2      | Gained mutation: Your body sometimes deteriorates upon taking damage. [potion of mutation]
  1412 | D:2      | Gained mutation: You have a beak for a mouth. [potion of mutation]
  1412 | D:2      | Gained mutation: You have a pair of small horns on your head. [potion of mutation]
  1412 | D:2      | Gained mutation: You have supernaturally acute eyesight. (SInv) [potion of mutation]
  1413 | D:2      | Slain by Crazy Yiuf

Skill      XL: |  1  2  3 |
---------------+----------+-----
Fighting       | 4 |  4.0
Maces & Flails | |  2.4
Armour         | |  3.8
Shields        | |  3.8

Action                   || total
-------------------------++-------
Melee: Flail             ||    91
  Use: Potion            ||     3
       Scroll            ||     2
  Eat: Chunk             ||     1
Armor: Scale mail        ||    39
Dodge: Dodged            ||    42
Block: Shield            ||    51
